 Dungeon Crawl Stone Soup version 0.29.0-4-gdea44cf6ec (webtiles) character file.

Game seed: 8880279718039388316

1 qw the Sneak (level 1, -3/14 HPs)
             Began as a Gargoyle Delver on Sept 10, 2022.
             Slain by an orc
             ... wielding a +0 flail
              (5 damage)
             ... on level 4 of the Dungeon.
             The game lasted 00:00:01 (58 turns).

qw the Sneak (Gargoyle Delver)                        Turns: 58, Time: 00:00:02

Health: -3/14      AC:  7    Str: 15    XL:     1   Next: 20%
Magic:  1/1        EV: 10    Int: 10    God:
Gold:   21         SH:  0    Dex: 11    Spells: 0/0 levels left

rFire   . . .      SeeInvis .   a - +0 hand axe
rCold   . . .      Faith    .   (no shield)
rNeg    + . .      Spirit   .   h - +0 ring mail
rPois   inf        Reflect  .   (no helmet)
rElec   +          Harm     .   (no cloak)
rCorr   .          Rampage  .   (no gloves)
Will    .....                   (no boots)
Stlth   ++........              (no amulet)
HPRegen 0.04/turn               (no ring)
MPRegen 0.07/turn               (no ring)

@: no status effects
A: sickness immunity, AC +2, negative energy resistance 1, electricity
resistance, torment resistance 1, petrification resistance
a: no special abilities


You were on level 4 of the Dungeon.
You visited 1 branch of the dungeon, and saw 2 of its levels.

You collected 21 gold pieces.


Innate Abilities, Weirdness & Mutations

You are immune to sickness and miasma.
Your stone body is resilient. (AC +2)
You are immune to poison.
You resist negative energy. (rN+)
You are resistant to electric shocks. (rElec)
You are resistant to unholy torment.
You are immune to petrification.


   Skills:
 - Level 3.2 Fighting
 + Level 1.9 Axes
 - Level 1.5 Dodging
 - Level 5.4 Stealth


You couldn't memorise any spells.
You didn't know any spells.
Your spell library was empty.

Inventory:

Hand Weapons
 a - a +0 hand axe (weapon)
Armour
 h - a +0 ring mail (worn)
Wands
 g - a wand of digging (3)
Potions
 f - a potion of haste

Dungeon Overview and Level Annotations

Branches:
Dungeon (5/15)
 Temple: D:4-7

Altars:


Message History

The ball python is severely wounded.
The ball python closely misses you. The ball python barely misses you.
The ball python bites you but does no damage.
The ball python grabs you. The ball python constricts you.
You hit the ball python.
You kill the ball python! 2 orcs come into view.
An ufetubus comes into view.
The ufetubus shouts!
You hear a shout! x2
An orc comes into view. It is wielding a +0 hand axe.
51 ||| Stepping ~*~*~tactically~*~*~ (stealth).
You closely miss the ufetubus. The ufetubus barely misses you. x2
An orc comes into view. It is wielding a +0 mace.
You closely miss the ufetubus. The ufetubus barely misses you.
The ufetubus closely misses you. The ufetubus barely misses you.
The ufetubus hits you but does no damage.
You barely miss the ufetubus. You closely miss the orc.
The ufetubus closely misses you. The ufetubus hits you.
The ufetubus barely misses you. The ufetubus hits you.
The orc hits you but does no damage. The orc hits you with a +0 hand axe.
You miss the ufetubus. You hit the orc. You hit the orc but do no damage.
The ufetubus hits you.
The ufetubus hits you but does no damage.
The ufetubus barely misses you. x2; The orc hits you with a +0 hand axe.
The orc misses you.
You hit the orc.
The orc is heavily wounded.
You closely miss the ufetubus. You hit the orc but do no damage.
You closely miss the orc.
The ufetubus hits you but does no damage. x2
The orc hits you but does no damage. The orc barely misses you.
The orc hits you with a +0 flail. The ufetubus closely misses you.
The ufetubus misses you.
You barely miss the orc.
The orc is heavily wounded.
You closely miss the orc. x2; You hit the ufetubus but do no damage.
The ufetubus misses you. x2; The orc closely misses you.
The orc hits you with a +0 flail.
You die...

#######
#..>..#
#.....#
##o@...#
#.o5o..#
......!.o####
...........
...#.........
..
####....oo..
. .........
##.......
#.#####


You could see 4 orcs and an ufetubus.

Vanquished Creatures
  A ball python (D:4)
1 creature vanquished.

Notes
Turn   | Place    | Note
-------+----------+-------------------------------------------
     0 | D:5      | qw the Gargoyle Delver began the quest for the Orb.
     0 | D:5      | Reached XP level 1. HP: 14/14 MP: 1/1
     0 | D:5      | 0 ||| qw: Version: 0.1-a-116-g5d60599
     0 | D:5      | 0 ||| qw: Game counter: 9056
     0 | D:5      | 0 ||| qw: Always use a shield: true
     0 | D:5      | 0 ||| qw: God list: Okawaru
     0 | D:5      | 0 ||| qw: Allow faded altars: false
     0 | D:5      | 0 ||| qw: Do Orc after D:15 true
     0 | D:5      | 0 ||| qw: Do second Lair branch before Depths: true
     0 | D:5      | 0 ||| qw: Lair rune preference: random
     0 | D:5      | 0 ||| qw: Plans: Normal
     0 | D:5      | 0 ||| PLANNING D:1-11
    20 | D:5      | 20 ||| UPGRADING to +0 ring mail.
    30 | D:5      | 30 ||| DROPPING +0 leather armour.
    31 | D:5      | 31 ||| DROPPING scroll of fog.
    32 | D:5      | 32 ||| DROPPING scroll of magic mapping.
    33 | D:5      | 33 ||| DROPPING scroll of fear.
    51 | D:4      | 51 ||| Stepping ~*~*~tactically~*~*~ (stealth).
    57 | D:4      | HP: 2/14 [orc/+0 flail (2)]
    58 | D:4      | Slain by an orc

Levels and vault maps discovered:
D:4:      layout_rooms, uniq_ijyb
D:5:      black_bear_nest_2, layout_rooms, serial_co_window_serial,
          co_window_paths_b, co_window_paths_b, co_window_cross_1,
          co_window_corner_a, co_window_of_opportunity_a, co_window_cross_2,
          co_window_corner_b, co_window_broadway_b, co_window_2corner,
          glass_columns_b, glass_columns_b, glass_columns_a, enter_ossuary_5,
          minmay_shop_damaged, uniq_duvessa, uniq_sigmund

Action                   || total
-------------------------++-------
Melee: Hand axe          ||     8
Armor: Ring mail         ||     7
Dodge: Dodged            ||    18

Table legend:
 A = Non-vault XP
 B = Vault XP
 C = Vault XP percentage of total XP
 D = Non-vault monster count
 E = Vault monster count
 F = Vault count percentage of total count
                 A         B        C        D         E       F
            +---------+---------+-------+---------+---------+-------
      Total |       2 |       0 |   0.0 |       1 |       0 |   0.0
            +---------+---------+-------+---------+---------+-------
        D:4 |       2 |       0 |   0.0 |       1 |       0 |   0.0
            +---------+---------+-------+---------+---------+-------
